Unix NetHack Version 5.0.0-0 post-release - last build May 10 2026 23:12:36 (d1fa5d53e341ca933230fdaa984d921c805b60aa,branch:main).

Game began 2026-05-13 20:57:02, ended 2026-05-13 21:41:28.

BitterJesus, lawful female dwarven Valkyrie

                                                    .{
                                                   |..
                                                 ---V-
                                                 |...|
                                       ----------|.---
                                       |........)|.|
                                       |*.......*..|
                                       |....<....|.|
                                       |.........|.-
                                       |.%.....).|.
                                       -----------

BitterJesus the Skirmisher  St:25 Dx:13 Co:18 In:7 Wi:9 Ch:8  Lawful
Dlvl:13 $:204 HP:0(39) Pw:4(4) AC:0  Xp:4/159 T:5791 

Latest messages:
 The raven bites!
 The raven blinds you!
 The vampire bat bites!
 The vampire bat bites again!
 You can see again.
 You kill the raven!
 The vampire bat bites!
 The vampire bat bites again!
 It eats a raven corpse.
 You hit the vampire bat!
 The vampire bat bites!
 The vampire bat bites again!
 You hit the vampire bat!
 The vampire bat bites!
 The vampire bat bites again!
 You hit the vampire bat!
 The vampire bat bites!
 The vampire bat bites again!
 The vampire bat bites!
 The vampire bat bites again!
 You hit the vampire bat!
 It misses the vampire bat.
 The vampire bat bites!
 The vampire bat misses!
 You kill the vampire bat!
 The seemingly dead vampire bat suddenly transforms and rises as a vampire!
 You hit the vampire!
 The vampire hits!
 The vampire bites!
 Farvel level 8.
 You hit the vampire!
 The vampire hits!
 The vampire bites!
 Farvel level 7.
 You feel slow!
 You hit the vampire!
 You hit the vampire!
 The vampire hits!
 The vampire bites!
 Farvel level 6.
 You hit the vampire!
 The vampire hits!
 The vampire bites!
 Farvel level 5.
 You die...
 Do you want your possessions identified? [ynq] (y) y
 Do you want to see your attributes? [ynq] (y) y
 Do you want an account of creatures vanquished? [ynaq] (y) y
 Do you want to see your conduct and achievements? [ynq] (y) y
 Do you want to see the dungeon overview? [ynq] (y) n

Inventory:
 Coins    ('$')
  $ - 204 gold pieces
 Amulets  ('"')
  e - an uncursed amulet of ESP
 Weapons  (')')
  b - a +0 dagger (alternate weapon; not wielded)
  q - 6 +0 daggers (at the ready)
  a - a rusty +1 dwarvish spear (weapon in right hand)
 Armor    ('[')
  T - an uncursed thoroughly rusty -2 pair of gauntlets of power (being worn)
  V - an uncursed +0 pair of elven boots
  P - a blessed +2 pair of high boots (being worn)
  c - an uncursed +3 small shield (being worn)
  h - an uncursed +0 cloak of invisibility (being worn)
  u - an uncursed +0 oilskin cloak
  Y - an uncursed -1 scale mail (being worn)
 Comestibles  ('%')
  x - an uncursed slime mold
  d - 2 uncursed food rations
  O - an uncursed lizard corpse
 Scrolls  ('?')
  r - 2 uncursed scrolls of light
  p - an uncursed scroll of magic mapping
 Potions  ('!')
  s - 3 uncursed potions of water
 Wands    ('/')
  k - a wand of digging (0:4)
 Tools    ('(')
  M - an uncursed oilskin sack containing 2 items
  i - an empty uncursed sack
  Q - an uncursed magic whistle
  Z - an uncursed oil lamp (lit)
  n - an uncursed skeleton key
  j - a +0 unicorn horn
 Gems/Stones  ('*')
  N - an uncursed luckstone

Contents of the oilskin sack:
  7 blessed tallow candles
  a tinning kit (0:90)

BitterJesus the Valkyrie's attributes:

Background:
 You were a Skirmisher, a level 4 dwarven Valkyrie.
 You were lawful, on a mission for Tyr
 who was opposed by Odin (neutral) and Loki (chaotic).
 You were right-handed.
 You were in the Gnomish Mines, on level 13.
 You entered the dungeon 5791 turns ago.
 You had 159 experience points, 1 more was needed to attain level 5.

Basics:
 You had 0 out of 39 hit points.
 You had all 4 energy points (spell power).
 Your armor class was 0.
 Your wallet contained 204 zorkmids.
 Autopickup was off.

Final Characteristics:
 Your strength was 25 (base:18/03, innate limit:18/100).
 Your dexterity was 13 (peak:14, limit:20).
 Your constitution was 18 (limit:20).
 Your intelligence was 7 (limit:16).
 Your wisdom was 9 (limit:16).
 Your charisma was 8 (limit:16).

Final Status:
 You weren't hungry.
 You were unencumbered.
 You were wielding a spear.
 You had basic skill with spear and could have enhanced that.

Final Attributes:
 You were piously aligned.
 You were cold resistant.
 You were poison resistant.
 You were telepathic.
 You had infravision.
 You were invisible.
 You were stealthy.
 You were warded.
 You were unlucky.
 You had extra luck.
 Bad luck did not time out for you.
 Good luck did not time out for you.
 You are dead.

Miscellaneous:
 You didn't encounter any bones levels.
 Total elapsed playing time was 44 minutes and 24 seconds.

Major events:
 Turn
    1: BitterJesus the lawful dwarven Valkyrie entered the dungeon
  703: attained the rank of Skirmisher (level 3)
 2053: entered the Gnomish Mines
 3360: attained the rank of Fighter (level 6)
 3429: reached Mine Town
 5791: killed by a vampire

You didn't know any spells.

Skills:
 Fighting Skills
   bare handed combat [Unskilled]
   two weapon combat  [Unskilled]
   riding             [Unskilled]
 Weapon Skills
   dagger             [Basic]
   axe                [Unskilled]
   pick-axe           [Unskilled]
   short sword        [Unskilled]
   broadsword         [Unskilled]
   long sword         [Unskilled]
   two-handed sword   [Unskilled]
   saber              [Unskilled]
   hammer             [Unskilled]
   quarterstaff       [Unskilled]
   polearms           [Unskilled]
   spear              [Basic]
   trident            [Unskilled]
   lance              [Unskilled]
   sling              [Unskilled]
 Spellcasting Skills
   attack spells      [Unskilled]
   escape spells      [Unskilled]

Voluntary challenges:
 Character rerolling was not enabled.
 You never genocided any monsters.
 You never polymorphed an object.
 You never changed form.
 You used no wishes.
Achievements:
 You attained the rank of Skirmisher.
 You entered the Gnomish Mines.
 You attained the rank of Fighter.
 You entered Minetown.
 You entered a temple.
 You entered a shop.

 The Dungeons of Doom: levels 1 to 5
    Level 1:
    Level 2:
    Level 3:
       Some fountains, some sinks.
    Level 4:
       Stairs down to The Gnomish Mines.
    Level 5:
 The Gnomish Mines: levels 5 to 13
    Level 5:
    Level 6:
    Level 7:
    Level 8:
       Many shops, a temple and an altar, some fountains.
    Level 9:
    Level 10:
    Level 11:
    Level 12:
    Level 13: <- You were here.
       A fountain.
       Final resting place for
          you, killed by a vampire.


Vanquished creatures:
  a stalker
  2 small mimics
  a python
  3 watchmen
  2 quivering blobs
  a panther
  a gremlin
  a vampire bat
  a forest centaur
  a rust monster
  a yeti
  a Green-elf
  2 lizards
  a jaguar
  a dwarf leader
  a white unicorn
  a dust vortex
  2 ravens
 an ape
  2 fire ants
  a mountain nymph
  6 Uruk-hai
  a rock piercer
  a rock mole
  a pony
  2 fog clouds
  a shrieker
  a violet fungus
  7 gnome leaders
  a gnomish wizard
  a kobold mummy
  4 elf zombies
  5 giant ants
  a little dog
  3 floating eyes
  3 dwarves
  a homunculus
  a kobold shaman
  5 hill orcs
  a giant bat
  a monkey
 an orc zombie
  3 iguanas
  8 killer bees
 an acid blob
  3 hobbits
  a hobgoblin
  2 giant rats
  a yellow mold
  a green mold
 30 gnomes
  a gecko
  2 jackals
  2 foxes
  a kobold
  4 sewer rats
  a grid bug
  7 bats
  5 lichens
  6 newts
155 creatures vanquished.

No species were genocided or became extinct.

Game over:
                       ----------
                      /          \
                     /    REST    \
                    /      IN      \
                   /     PEACE      \
                  /                  \
                  |   BitterJesus    |
                  |      204 Au      |
                  |   killed by a    |
                  |     vampire      |
                  |                  |
                  |                  |
                  |       2026       |
                 *|     *  *  *      | *
        _________)/\\_//(\/(/\)/\//\/|_)_______

Farvel BitterJesus the Valkyrie...

You died in The Gnomish Mines on dungeon level 13 with 6982 points,
and 204 pieces of gold, after 5791 moves.
You were level 4 with a maximum of 39 hit points when you died.

